 Dungeon Crawl Stone Soup version 0.21.1-1-g345015f (webtiles) character file.

903 Kairos the Chopper (level 8, -5/60 HPs)
             Began as a Human Fighter on Apr 3, 2018.
             Slain by an ice beast (10 damage)
             ... on level 5 of the Dungeon.
             The game lasted 00:09:18 (4090 turns).

Kairos the Chopper (Human Fighter)                  Turns: 4090, Time: 00:09:18

Health: -5/60      AC:  9    Str: 17    XL:     8   Next: 29%
Magic:  2/2        EV:  8    Int:  9    God:
Gold:   94         SH:  9    Dex: 14    Spells: 7/7 levels left

rFire    + . .     SeeInvis .   u - +0 war axe (antimagic)
rCold    . . .     Gourm    .   c - +0 shield
rNeg     . . .     Faith    .   q - +2 scale mail {rF+}
rPois    +         Spirit   .   (no helmet)
rElec    .         Reflect  .   (no cloak)
rCorr    .         Harm     .   (no gloves)
MR       .....                  (no boots)
Stlth    ..........             s - amulet of regeneration
HPRegen  0.60/turn              k - ring of poison resistance
MPRegen  0.08/turn              (no ring)

@: no status effects
A: no striking features
a: no special abilities


You were on level 5 of the Dungeon.
You were not hungry.

You visited 1 branch of the dungeon, and saw 5 of its levels.
You also visited: Sewer.

You collected 269 gold pieces.
You spent 175 gold pieces at shops.

Inventory:

Hand Weapons
 a - a +0 war axe
 u - a +0 antimagic war axe (weapon)
Armour
 c - a +0 shield (worn)
 q - a +2 scale mail of fire resistance (worn)
Jewellery
 k - a ring of poison resistance (left hand)
 s - an amulet of regeneration (around neck)
Wands
 i - a wand of acid (6)
 x - a wand of iceblast (9)
Scrolls
 b - a scroll of fear {unknown}
 j - 3 scrolls of remove curse
 m - 3 scrolls of amnesia
 n - 2 scrolls of teleportation
 t - 2 scrolls of fog
 v - 4 scrolls of identify
Potions
 d - 2 potions of might
 e - a potion of magic {unknown}
 g - 3 potions of curing
 h - 4 potions of haste
 l - 2 potions of flight
 o - 2 potions of heal wounds {unknown}
 p - 4 potions of lignification
 r - a potion of agility {unknown}
 w - a potion of berserk rage {unknown}
 z - a potion of mutation {unknown}
Comestibles
 f - 9 rations
 A - 3 chunks of flesh


   Skills:
 + Level 4.1 Fighting
 + Level 6.1 Axes
 + Level 4.7 Armour
 + Level 2.1 Dodging
 + Level 1.4 Stealth
 + Level 4.7 Shields


You had 7 spell levels left.
You didn't know any spells.

Dungeon Overview and Level Annotations

Branches:
Dungeon (5/15)
 Temple: D:4-7

Altars:
Nemelex Xobeh
Wu Jian
The Shining One

Shops:
D:4 (


Message History

The ice beast hits you. The ice beast freezes you!
* * * LOW HITPOINT WARNING * * *
You closely miss the ice beast.
The ice beast is almost dead.
The ice beast barely misses you. You block the ice beast's attack.
You hit the ice beast but do no damage.
The ice beast is almost dead.
The ice beast closely misses you.
You closely miss the ice beast.
The ice beast is almost dead.
The ice beast hits you.
* * * LOW HITPOINT WARNING * * *
The ice beast freezes you!
* * * LOW HITPOINT WARNING * * *
You hit the ice beast but do no damage.
The ice beast is almost dead.
The ice beast hits you.
* * * LOW HITPOINT WARNING * * *
The ice beast freezes you!
You die...

###.### .#
###...# #
#...###
#.### #.#
##.#
########..#
....<..#.##
....>.Y@.#
......†.##
........#
.......##
.......
.......
.......
.......


You could see an ice beast.

Vanquished Creatures
  A centaur (D:5)
  A big kobold (Sewer)
  A howler monkey (D:4)
  A crimson imp (D:5)
  A hound (D:5)
  An orc priest (D:3)
  A jelly (D:4)
  3 orc wizards (D:4)
  Jessica (D:2)
  Terence (D:2)
  Natasha (thrice) (D:3)
  3 worker ants
  A hound skeleton (D:5)
  6 gnolls
  11 adders
  A white imp (D:5)
  An ooze (D:1)
  An adder skeleton (D:5)
  3 worms (D:2)
  2 dart slugs
  3 leopard geckos
  12 orcs
  4 giant cockroaches
  12 goblins
  9 hobgoblins
  9 jackals
  A ball python (D:4)
  9 bats
  2 frilled lizards
  10 kobolds
  14 rats
129 creatures vanquished.

Notes
Turn   | Place    | Note
-------+----------+-------------------------------------------
     0 | D:1      | Kairos the Human Fighter began the quest for the Orb.
     0 | D:1      | Reached XP level 1. HP: 18/18 MP: 1/1
    27 | D:1      | Reached XP level 2. HP: 16/24 MP: 2/2
    41 | D:1      | Found a sparkling altar of Nemelex Xobeh.
   312 | D:1      | Reached XP level 3. HP: 27/29 MP: 3/3
   872 | D:2      | Reached skill level 1 in Stealth
   898 | D:2      | Reached XP level 4. HP: 33/35 MP: 4/4
   951 | D:2      | Noticed Terence
   963 | D:2      | Killed Terence
   963 | D:2      | Reached skill level 3 in Axes
   963 | D:2      | Reached XP level 5. HP: 21/41 MP: 5/5
  1423 | D:2      | Noticed Jessica
  1430 | D:2      | Killed Jessica
  1848 | D:3      | Reached XP level 6. HP: 47/47 MP: 6/6
  1899 | D:3      | Noticed Natasha
  1921 | D:3      | Killed Natasha
  1921 | D:3      | Reached skill level 4 in Axes
  1921 | D:3      | Reached skill level 1 in Dodging
  2047 | D:3      | Noticed Natasha
  2052 | D:3      | Killed Natasha
  2062 | D:3      | Noticed Natasha
  2073 | D:3      | Killed Natasha
  2111 | D:3      | Found a glowing drain.
  2115 | Sewer    | Entered a sewer
  2298 | Sewer    | Reached XP level 7. HP: 53/53 MP: 7/7
  2316 | Sewer    | Found a white marble altar of Elyvilon.
  2456 | D:3      | Found an ornate altar of the Wu Jian Council.
  2576 | D:3      | Found a faded altar of an unknown god.
  2915 | D:4      | Found a glowing golden altar of the Shining One.
  3077 | D:4      | Reached skill level 5 in Axes
  3149 | D:4      | Found Plog's Weapon Shop.
  3700 | D:4      | Bought a +0 antimagic war axe for 175 gold pieces
  3742 | D:5      | Entered Level 5 of the Dungeon
  3859 | D:5      | Reached XP level 8. HP: 46/60 MP: 2/8
  4036 | D:5      | Reached skill level 6 in Axes
  4090 | D:5      | Slain by an ice beast

Skill      XL: |  1  2  3  4  5  6  7  8 |
---------------+-------------------------+-----
Stealth        | 1 |  1.4
Axes           | 3 4 5 6 |  6.1
Armour         | 4 |  4.7
Dodging        | 1 2 |  2.1
Shields        | 4 |  4.7
Fighting       | 4 |  4.1

Action                   |  1- 3 |  4- 6 |  7- 9 || total
-------------------------+-------+-------+-------++-------
Melee: War axe           |   107 |   163 |   196 ||   466
  Use: Scroll            |       |     8 |     3 ||    11
  Eat: Chunk             |       |     5 |     6 ||    11
Armor: Scale mail        |    55 |    63 |    92 ||   210
Dodge: Dodged            |    34 |    53 |    71 ||   158
Block: Shield            |    64 |    78 |   105 ||   247
